Cogmind - Beta 10.2 *** ADVENTURER MODE // 2021.01.14 @ 15:22:04 Player: Frosst Result: Destroyed by G-34 Mercenary with Small Laser Performance ------------- Evolutions (0) 0 Regions Visited (1) 200 Robots Destroyed (9) 45 Value Destroyed (161) 161 Prototype IDs (0) 0 Alien Tech Used (0) 0 Bonus (0) 0 TOTAL SCORE: 406 Bonus ------- None Cogmind --------- Core Integrity 0/250 Matter 96/300 Energy 100/100 System Corruption 4% Temperature Cool (6) Movement Core (50) Location -10/Materials Parts ------- > --- POWER (1) -------- (None) > --- PROPULSION (2) --- (None) > --- UTILITY (2) ------ (None) > --- WEAPON (2) ------- (None) > --- INVENTORY (4) ---- Aluminum Leg Aluminum Leg Aluminum Leg Peak State ------------ > --- POWER ------------ Ion Engine > --- PROPULSION ------- Aluminum Leg Flight Unit > --- UTILITY ---------- (None) > --- WEAPON ----------- Grenade Launcher > --- INVENTORY -------- Aluminum Leg Aluminum Leg Aluminum Leg Aluminum Leg [Rating: 4] Favorites ----------- Power Ion Engine Engine Ion Engine Propulsion Aluminum Leg Leg Aluminum Leg Flight Unit Flight Unit Utility None Weapon Grenade Launcher Launcher Grenade Launcher Build | -11 -10 ------- Run | Scr Mat Slots Evolved . | . . Power . | . . Propulsion . | . . Utility . | . . Weapon . | . . Parts Attached 7 | . 7 Power 1 | . 1 Engine 1 | . 1 Core . | . . Reactor . | . . Propulsion 5 | . 5 Treads . | . . Leg 4 | . 4 Wheel . | . . Hover . | . . Flight 1 | . 1 Utility . | . . Device . | . . Storage . | . . Processor . | . . Hackware . | . . Protection . | . . Artifact . | . . Weapon 1 | . 1 Energy Gun . | . . Energy Cannon . | . . Ballistic Gun . | . . Ballistic Cannon . | . . Launcher 1 | . 1 Special Weapon . | . . Impact Weapon . | . . Slashing Weapon . | . . Piercing Weapon . | . . Special Melee Weapon . | . . Unidentified Prototypes . | . . Parts Lost 5 | . 5 Power 1 | . 1 Propulsion 3 | . 3 Utility . | . . Weapon 1 | . 1 Highest Loss Streak 5 | . 5 Average Slot Usage (%) 22 | . 22 Engine 2 | . 2 Leg 8 | . 8 Flight 6 | . 6 Launcher 5 | . 5 Naked Turns 89 | . 89 Heaviest Build 8 | . 8 Greatest Support 10 | 3 10 Greatest Overweight (x) 1 | . 1 Average Overweight (x) . | . . Largest Inventory Capacity 4 | 4 4 Average Capacity 4 | 4 4 Most Carried 4 | . 4 Average Carried 1 | . 1 Final Capacity 4 | 4 4 Final Carried 3 | . 3 Class Distribution -------------------- 100% | Mutant Dominant Class ---------------- Mutant | -10/Materials Resources | -11 -10 ----------- Run | Scr Mat Matter Collected 93 | 77 16 Remotely . | . . Salvage Created 122 | . 122 Parts 16 | . 16 Haulers Intercepted 1 | . 1 Recyclers Shooed . | . . Parts Field Recycled . | . . Retrieved Matter . | . . Parts Self-Destructed . | . . Prevented . | . . Kills | -11 -10 ------- Run | Scr Mat Combat Hostiles Destroyed 5 | . 5 AOE 5 | . 5 Classes Destroyed 5 | . 5 Builder 1 | . 1 Hauler 1 | . 1 Watcher 2 | . 2 Swarmer 2 | . 2 Grunt 3 | . 3 Best Kill Streak 9 | . 9 Combat Bots Only 3 | . 3 Max Kills in Single Turn 3 | . 3 Gunslinging . | . . Exploded 2 | . 2 Melee . | . . Uniques/NPCs Destroyed . | . . Combat | -11 -10 -------- Run | Scr Mat Damage Taken 609 | . 609 Core 251 | . 251 Absorbed by Shields . | . . Core Remaining (%) 100 | 100 . Volleys Fired 10 | . 10 Largest 1 | . 1 Hottest 30 | . 30 Shots Fired 10 | . 10 Gun . | . . Cannon . | . . Launcher 10 | . 10 Special . | . . Kinetic . | . . Thermal . | . . Explosive 10 | . 10 Electromagnetic . | . . Robot Hit Streak 5 | . 5 Robot Miss Streak 1 | . 1 Penetration Max . | . . Secondary Targets . | . . Shots Hit Robots 9 | . 9 Core Hits 17 | . 17 Critical Hits . | . . Critical Kills . | . . Critical Parts Destroyed . | . . Melee Attacks . | . . Impact . | . . Slashing . | . . Piercing . | . . Sneak Attacks . | . . Combat Hostiles . | . . Follow-up Attacks . | . . Damage Inflicted 628 | . 628 Guns . | . . Cannons . | . . Explosions 608 | . 608 Melee . | . . Ramming 20 | . 20 Kinetic . | . . Thermal . | . . Explosive 608 | . 608 Electromagnetic . | . . Impact . | . . Slashing . | . . Piercing . | . . Highest Corruption 4 | . 4 Average Corruption 4 | . 4 Corruption Purged . | . . Overload Shots . | . . Overflow Damage 15 | . 15 Projectiles . | . . Explosions 15 | . 15 Melee . | . . Knockbacks 1 | . 1 Impact 1 | . 1 Kinetic . | . . Secondary . | . . Self-Inflicted Damage 66 | . 66 Shots 4 | . 4 Rammed 12 | . 12 Targets Rammed 14 | . 14 Kicked 2 | . 2 Crushed . | . . Highest Temperature . | . . Average Temperature . | . . Received Heat Transfer 255 | . 255 Siege Activations . | . . Robots Corrupted . | . . Combat Hostiles . | . . Parts Fried . | . . Impact Corruptions . | . . Robots Melted . | . . Combat Hostiles . | . . Parts Melted . | . . Heat Transferred . | . . Parts Sabotaged . | . . Parts Stolen . | . . Parts Stripped . | . . Power Chain Reactions . | . . Missiles Intercepted . | . . Alert | -11 -10 ------- Run | Scr Mat Peak Influence 181 | . 181 Initial . | . . Average 56 | . 59 Maximum Alert Level . | . . Low Security (%) 100 | 100 100 Level 1 . | . . Level 2 . | . . Level 3 . | . . Level 4 . | . . Level 5 . | . . High Security . | . . Max Security . | . . Squads Dispatched . | . . Investigation . | . . Extermination . | . . Reinforcement . | . . Assault . | . . Garrison . | . . Intercept . | . . Construction Impeded . | . . Haulers Reinforced . | . . Stealth | -11 -10 --------- Run | Scr Mat Distress Signals 1 | . 1 Communications Jammed . | . . Distress Signals . | . . Times Spotted 13 | . 13 Peak Tracking Total 4 | . 4 Tactical Retreats 2 | . 2 Traps | -11 -10 ------- Run | Scr Mat Traps Triggered . | . . Indirectly . | . . Trap Hack Attempts . | . . Triggered . | . . Disarmed . | . . Reprogrammed . | . . Reused . | . . Traps Extracted . | . . Installed . | . . Triggered . | . . Machines | -11 -10 ---------- Run | Scr Mat Machines Disabled 3 | . 3 Max in Single Turn 2 | . 2 Machines Sabotaged . | . . Garrisons Compromised . | . . Overloaded Fab Kills . | . . Fab Network Shutdowns . | . . Hacking | -11 -10 --------- Run | Scr Mat Machines Accessed . | . . Terminals . | . . Fabricators . | . . Repair Stations . | . . Recycling Units . | . . Scanalyzers . | . . Garrison Access . | . . Total Hacks . | . . Successful . | . . Failed . | . . Catastrophic . | . . Database Lockouts . | . . Manual . | . . Terminals . | . . Fabricators . | . . Repair Stations . | . . Recycling Units . | . . Scanalyzers . | . . Garrison Access . | . . Terminal Hacks . | . . Fabricator Hacks . | . . Repair Station Hacks . | . . Recycling Unit Hacks . | . . Scanalyzer . | . . Garrison Access Hacks . | . . Unauthorized Hacks . | . . Terminals . | . . Fabricators . | . . Repair Stations . | . . Recycling Units . | . . Scanalyzers . | . . Garrison Access . | . . Data Cores Recovered . | . . Used . | . . Hacking Detections . | . . Full Trace Events . | . . Feedback Events . | . . Feedback Blocked . | . . Robot Schematics Acquired . | . . Robots Built . | . . Matter . | . . Time . | . . Total Robot Build Rating . | . . Part Schematics Acquired . | . . Parts Built . | . . Matter . | . . Time . | . . Total Part Build Rating . | . . Parts Repaired . | . . Time . | . . Parts Recycled . | . . Recycled Matter . | . . Retrieved Matter . | . . Retrieved Components . | . . Parts Scanalyzed . | . . Part Schematics Acquired . | . . Parts Damaged . | . . Bothacking | -11 -10 ------------ Run | Scr Mat Used RIF Installer . | . . Robots Hacked . | . . Non-combat . | . . Combat . | . . Robot Hacks Applied . | . . Relay Couplers Released . | . . Robots Rewired . | . . Allies Hacked . | . . Hacks Repelled . | . . Allies | -11 -10 -------- Run | Scr Mat Total Allies . | . . Largest Group . | . . Highest-Rated Group . | . . Highest-Rated Ally . | . . Total Orders . | . . Ally Attacks . | . . Total Damage . | . . Kills . | . . Allies Corrupted . | . . Allies Melted . | . . Intel | -11 -10 ------- Run | Scr Mat Robot Analysis Total . | . . Derelict Logs Recovered . | . . Drone Launches . | . . Drone Recoveries . | . . Exploration | -11 -10 ------------- Run | Scr Mat Turns Passed 226 | 13 213 Spaces Moved 313 | 25 288 Core 187 | 25 162 Treads . | . . Legs 24 | . 24 Wheels . | . . Hover . | . . Flight 102 | . 102 Fastest Speed 50 | 50 50 Average Speed 55 | 50 56 Slowest Speed 130 | 50 130 Overloaded Moves . | . . Propulsion Burnouts . | . . Robots Hopped 5 | . 5 Cave-ins Triggered . | . . Exploration Rate (%) 15 | 4 26 Regions Visited 1 Branch Regions . Pre-discovered Areas . | . . Known Exits Taken . | . . Unknown Exits Taken 1 | 1 . Scrap Searched . | . . Spaces Dug . | . . Terrain Destroyed 53 | . 53 Melee . | . . Projectile . | . . AOE 53 | . 53 Terrain Rammed . | . . Walls Destroyed . | . . Machines Disabled . | . . Actions | -11 -10 --------- Run | Scr Mat Total 343 | 24 319 Wait . | . . Move 303 | 24 279 Hop 4 | . 4 Pick Up 5 | . 5 Fast Attach 3 | . 3 Attach 2 | . 2 Detach . | . . Swap 2 | . 2 Drop . | . . Fire 10 | . 10 Melee . | . . Ram 2 | . 2 Kick 12 | . 12 Crush . | . . Escape Stasis . | . . Rewire . | . . Trap . | . . Miscellaneous . | . . Route ------- -11/Scrapyard -10/Materials (discovered 1 exit: [*Min]) History --------- Turn | Location | Event 4 | -11/Scrapyard | Discovered new exit (range 15) 14 | -11/Scrapyard | Entered Materials 162 | -10/Materials | Discovered new exit (range 7) 214 | -10/Materials | Core integrity fell below 50% 223 | -10/Materials | Core integrity fell below 20% 227 | -10/Materials | Destroyed by G-34 Mercenary with Small Laser Last Messages --------------- 00212_ G-34 Mercenary knocked back. 00213_ Slammed into G-34 Mercenary. 00213_ Destabilizing: Core damaged (-7). 00214_ U-05 Engineer lays Concrete. 00215_ Kicked G-34 Mercenary out of the way. 00215_ U-05 Engineer lays Concrete. 00217_ U-05 Engineer builds a Wall. 00218_ Kicked G-34 Mercenary out of the way. 00219_ Slammed into G-34 Mercenary. 00221_ U-05 Engineer lays Concrete. 00221_ Slammed into G-34 Mercenary. 00222_ U-05 Engineer lays Concrete. 00222_ Slammed into G-34 Mercenary. 00223_ U-05 Engineer lays Concrete. 00223_ Slammed into G-34 Mercenary. 00224_ U-05 Engineer lays Concrete. 00224_ Slammed into G-34 Mercenary. 00225_ Aluminum Leg destroyed. 00225_ System corrupted by crushing effect (+4). 00226_ Slammed into G-34 Mercenary. Map ----- +----------------------------------------------------+ | ?????????????????????????????????????????????????? | | ?????????????????????????????????????????????????? | | ?????????????????????????????????????????????????? | | ?????????????????????????????????????????????????? | | ?????????????????????????????????????????????????? | | ?????????????????????????????????????????????????? | | ?????????????????????????????????????????????????? | | ?????????????????????????????????????????????????? | | ??????????????######?????????????????????????????? | | ???????????? #????????????????????????????? | | ???????????? #????????????????????????????? | | ????????????? ????????????????????????????? | | ????????????? #????????????????????????????? | | ??????????##+# ##???????????????????????????? | | ?????????? #???????????????????????????? | | ??????????? # ! ##??????????????????????????? | | ???????????? || ???????????????????????????? | | ?????????????# < #???????????????????????????? | | ?????????????#|| =%[ #???????????????????????????? | | ?????????????# %!= #???????????????????????????? | | +#####???????#" !% #???????????????????????????? | | #???########u #?????#+#????????????????????? | | """ #???# # ####### ###??????????????????? | | """ #???# """ + ra +??????????????????? | | """ #???# """ # s g #??????????????????? | | #???# """ # @g #??????????????????? | | """ #???# # ######## #??????????????????? | | """ #???# # #? # #??????????????????? | | """ #??#### ##+# + + #??????????????????? | | ##?# # # # """####??????????????????? | | ## ###########* # # """#?????????????????????? | | =! *# """#?????????????????????? | | # ##########* !# # #?????????????????????? | | ######?# # # ############?????????????????? | | #??????## % ! #????????????????? | | #???????#### """"""???????????????????? | | ############# """"?????????????????????? | | """"?????????????????????? | | # # """"?????????????????????? | | ############# # + """"?????????????????????? | | ????????????# # # ?????????????????????? | | #######?????# # #######+?????????????????????? | | #?????# # #??????? ????????????????????? | | #?????# # ???????? ???????????????????? | | #### #?????# # ????????????????????????????? | | ## #?????##### ????????????????????????????? | | ## #?????????##+##????????????????????????????? | | / #??????????????????????????????????????????? | | ## +??????????????????????????????????????????? | | #####??????????????????????????????????????????? | +----------------------------------------------------+ Best States ------------- Heat Dissipation 25 Energy Generation 10 Energy Capacity 250 Matter Stores 179 Matter Capacity 300 Sight Range 16 Terrain Scan Density 10 Resistance: KI 20 Resistance: TH 20 Resistance: EX 20 Resistance: EM 20 Resistance: I 20 Resistance: S 20 Resistance: P 20 Evasion (%) 60 Offensive Hacking 10 Item Schematics ----------------- None Robot Schematics ------------------ None Fabricated ------------ Nothing Alien Tech Used ----------------- None Achievements -------------- Let's See Who's Tougher Challenges ------------ None Game ------ Seed BiomechanicalSigixAutocannon Manual? 0 Play Time 00:04:09 Cumulative 1.8 hours Start 2021.01.14 @ 15:16:43 End 2021.01.14 @ 15:22:04 Sessions 1 Manual Loads 0 Difficulty Adventurer Special Mode None Game No. 10 Rogue 2 Adventurer 8 Explorer 0 Win Type - Total 0 Types 0/0/0/0/0/0/0/0/0 Lore% 0 Gallery% 3 Achievement% 3 Wizard Run 0 Options --------- ASCII 0 Keyboard 0 Movement Arrows Keybinds 0 Fullscreen 2 Font 18/SmallcapsGlow Map View 76x50 Tactical HUD 1 Map Filters NONE Filters NONE Steam 1 RUN: 4d7c16e9-055d-4040-9f51-6abfff949108